General information
- name: tpn123
- type: Custom game
- host: Zith)
- saver: Zith)
map: TwistedMeadows
- players: 2
- length: 24:35
- speed: Fast
- version: 1.24 W3XP
- replay type: Public
» download(136 KB)
Players
team 1 (winner)
Zith) (
blue | 174 APM | 4276 actions | 24:35)
5 Warden
2 Shadow Strike
3 Fan of Knives
5 Pandaren Brewmaster
3 Breath of Fire
2 Drunken Haze
» actions
| Assign group hotkey | 43 | |
| Basic commands | 24 | |
| Build / train | 92 | |
| Enter build submenu | 22 | |
| Enter hero's abilities submenu | 10 | |
| Give item / drop item | 8 | |
| Remove unit from queue | 4 | |
| Right click | 2055 | |
| Select / deselect | 715 | |
| Select group hotkey | 1160 | |
| Use ability | 143 | |
4276 total
» units
| Wisp | 24 | |
| Archer | 4 | |
| Forest Troll Berserker | 2 | |
| Dryad | 16 | |
| Goblin Shredder | 1 | |
| Druid of the Claw | 5 | |
52 total
» upgrades
| Abolish Magic | 1 | |
| Druid of the Claw Training | 2 | |
| Well Spring | 1 | |
| Mark of the Claw | 1 | |
| Nature's Blessing | 1 | |
| Strength of the Wild | 1 | |
| Reinforced Hides | 1 | |
8 total
» buildings
| Altar of Elders | 1 | |
| Moon Well | 9 | |
| Ancient of War | 2 | |
| Tree of Ages | 1 | |
| Hunter's Hall | 1 | |
| Ancient of Wonders | 2 | |
| Ancient of Lore | 2 | |
| Tree of Life | 2 | |
| Tree of Eternity | 1 | |
21 total
» build order
00:04 Altar of Elders
00:18 Moon Well
00:28 Ancient of War
01:47 Moon Well
02:14 Moon Well
02:44 Ancient of War
03:46 Tree of Ages
04:41 Moon Well
05:40 Hunter's Hall
06:01 Moon Well
06:08 Ancient of Wonders
06:48 Ancient of Lore
06:49 Ancient of Lore
08:18 Moon Well
08:26 Ancient of Wonders
10:25 Moon Well
12:40 Tree of Life
14:31 Tree of Eternity
17:33 Moon Well
19:35 Moon Well
23:57 Tree of Life
» items
| Boots of Speed | 1 | |
| Staff of Preservation | 1 | |
| Moonstone | 2 | |
| Scroll of Town Portal | 2 | |
| Potion of Healing | 1 | |
| Lesser Clarity Potion | 1 | |
| Dust of Appearance | 1 | |
| Potion of Lesser Invulnerability | 1 | |
| Scroll of Healing | 1 | |
| Staff of Teleportation | 1 | |
| Orb of Venom | 1 | |
| Potion of Mana | 1 | |
14 total
team 2 (loser)
towerpowernerf (
green | 272 APM | 6671 actions | 24:33)
5 Death Knight
3 Death Coil
2 Unholy Aura
4 Lich
2 Frost Nova
2 Frost Armor
» actions
| Assign group hotkey | 868 | |
| Basic commands | 74 | |
| Build / train | 68 | |
| Enter build submenu | 19 | |
| Enter hero's abilities submenu | 9 | |
| Give item / drop item | 6 | |
| Remove unit from queue | 4 | |
| Right click | 2275 | |
| Select / deselect | 478 | |
| Select group hotkey | 2776 | |
| Use ability | 94 | |
6671 total
» units
| Acolyte | 4 | |
| Ghoul | 10 | |
| Gargoyle | 18 | |
| Obsidian Statue | 1 | |
| Abomination | 2 | |
35 total
» upgrades
| Creature Attack | 1 | |
| Ghoul Frenzy | 0 | |
| Stone Form | 1 | |
| Disease Cloud | 1 | |
| Creature Carapace | 1 | |
4 total
» buildings
| Crypt | 2 | |
| Ziggurat | 6 | |
| Altar of Darkness | 1 | |
| Tomb of Relics | 1 | |
| Halls of the Dead | 1 | |
| Graveyard | 1 | |
| Black Citadel | 1 | |
| Slaughterhouse | 1 | |
| Spirit Tower | 1 | |
15 total
» build order
00:06 Crypt
00:07 Ziggurat
00:39 Altar of Darkness
01:18 Tomb of Relics
01:21 Ziggurat
03:49 Halls of the Dead
04:21 Graveyard
04:25 Ziggurat
05:17 Crypt
05:18 Ziggurat
10:15 Ziggurat
12:35 Black Citadel
13:11 Ziggurat
16:08 Slaughterhouse
17:11 Spirit Tower
» items
| Rod of Necromancy | 3 | |
| Dust of Appearance | 1 | |
| Scroll of Healing | 4 | |
| Orb of Corruption | 1 | |
9 total
Chat log
(00:11 / All) Zith): onl 2 months?=
(00:23 / All) towerpowernerf: hmm well i mean since my last game
(00:29 / All) towerpowernerf: ive been inactive for over a year
(00:51 / All) Zith): yeah
(00:56 / All) Zith): i only watch sometimes
(00:58 / All) Zith): but dont play
(01:06 / All) towerpowernerf: orc fucked it all up
(01:13 / All) towerpowernerf: its pointless
(11:57 / All) towerpowernerf: oh i hate this game
(12:09 / All) towerpowernerf: its so punishing
(24:33 / All) towerpowernerf: gg